 Dungeon Crawl Stone Soup version 0.30-b1-2-g02819fbbbe (webtiles) character file.

Game seed: 5059724456775964926

6382 Borgoz the Fighter (level 10, -4/99 HPs)
             Began as a Gargoyle Berserker on June 22, 2023.
             Was a High Priest of Trog.
             Slain by a yak (7 damage)
             ... on level 9 of the Dungeon.
             The game lasted 00:10:28 (8197 turns).

Borgoz the Fighter (Gargoyle Berserker)             Turns: 8197, Time: 00:10:28

Health: -4/99      AC: 16    Str: 20    XL:     10   Next: 97%
Magic:  10/10      EV: 16    Int:  9    God:    Trog [*****.]
Gold:   595        SH:  0    Dex: 19    Spells: 9/9 levels left

rFire   . . .        b - +1 flail (drain)
rCold   . . .        (no shield)
rNeg    + . .        e - +1 steam dragon scales
rPois   ∞            (no helmet)
rElec   +            (no cloak)
rCorr   .            (no gloves)
SInv    .            q - +0 pair of boots "Ybly" {rElec Stlth+}
Will    .....        (no amulet) Stlth
                     A - +6 ring of dexterity
HPRegen 0.36/turn    (no ring)
MPRegen 0.12/turn

%: no passive effects
@: berserking (expiring), very quick
A: sickness immunity, AC +7, negative energy resistance 1, electricity
resistance, torment resistance 1, petrification resistance
a: Renounce Religion, Berserk, Trog's Hand, Brothers in Arms


You were on level 9 of the Dungeon.
You worshipped Trog.
Trog was extremely pleased with you.
You visited 2 branches of the dungeon, and saw 11 of its levels.
You also visited: Ossuary.

You collected 595 gold pieces.

Inventory:

Hand Weapons
 b - a +1 flail of draining (weapon)
 l - a +0 morningstar
 C - a +2 dire flail of holy wrath
Missiles
 g - 4 atropa-tipped darts
 k - 16 poisoned darts (quivered)
 u - 3 curare-tipped darts
Armour
 e - +1 steam dragon scales (worn)
 q - the +0 pair of boots "Ybly" (worn) {rElec Stlth+}
   (You found it on level 2 of the Dungeon)

   rElec:     It insulates you from electricity.
   Stlth:     It makes you more stealthy.
 B - a +0 chain mail of fire resistance
Jewellery
 A - a +6 ring of dexterity (left hand)
Wands
 o - a wand of iceblast (14)
 s - a wand of flame (35)
 t - a wand of polymorph (8)
 w - a wand of digging (11)
Scrolls
 f - a scroll of enchant weapon
 j - 2 scrolls of teleportation
 v - 2 scrolls of blinking
 x - a scroll of silence
 y - 4 scrolls of magic mapping
Potions
 c - a potion of magic
 d - a potion of berserk rage
 h - 2 potions of flight
 i - 6 potions of curing
 m - a potion of cancellation
 n - a potion of mutation {unknown}
 p - 2 potions of heal wounds
 r - 3 potions of ambrosia


   Skills:
 + Level 9.6 Fighting
 + Level 8.7 Maces & Flails
 + Level 9.2 Armour
 + Level 7.0 Dodging


You had 9 spell levels left.
You didn't know any spells.
Your spell library was empty.

Dungeon Overview and Level Annotations

Branches:
Dungeon (10/15)            Temple (1/1) D:7            Lair (0/5) D:8
Ossuary (visited)
    Orc: D:9-12

Altars:
Ashenzari
Cheibriados
Dithmenos
Elyvilon
Fedhas
Gozag
Hepliaklqana
Kikubaaqudgha
Makhleb
Nemelex Xobeh
Okawaru
Qazlal
Ru
Sif Muna
Trog
Uskayaw
Vehumet
Wu Jian
Xom
Yredelemnul
Zin

Shops:
D:7 ?


Innate Abilities, Weirdness & Mutations

You are immune to sickness and miasma.
Your stone body is resilient. (AC +7)
You are immune to poison.
You resist negative energy. (rN+)
You are resistant to electric shocks. (rElec)
You are resistant to unholy torment.
You are immune to petrification.


Message History

You are too injured to fight recklessly!
You are too injured to fight recklessly!
You are too injured to fight recklessly!
You barely miss the yak. The yak gores you. The yak closely misses you.
The yak barely misses you. The yak gores you but does no damage.
You sock the yak!
The yak is heavily wounded.
You hit the yak. You drain the yak.
The yak is heavily wounded.
The yak gores you. The yak gores you!
* * * LOW HITPOINT WARNING * * *
The yak barely misses you. The yak misses you.
You sock the yak!
The yak is severely wounded.
The yak gores you.
* * * LOW HITPOINT WARNING * * *
The yak gores you but does no damage. The yak completely misses you.
The yak barely misses you. The yak gores you but does no damage.
You hit the yak. You drain the yak.
The yak is almost dead.
You thump the yak!
You kill the yak!
Trog accepts your kill. The yak gores you!
* * * LOW HITPOINT WARNING * * *
The yak misses you. The yak completely misses you.
The yak gores you but does no damage.
You sock the yak!
You kill the yak!
Trog accepts your kill. The yak gores you but does no damage.
The yak gores you.
* * * LOW HITPOINT WARNING * * *
The yak gores you but does no damage. The yak barely misses you.
Your Dodging skill increases to level 7!
You hit the yak.
The yak is lightly wounded.
You thump the yak!
The yak is heavily wounded.
The yak gores you!
You die...

#.# #.# #<# #.#
#####
########.#####.#..
#...........##.#.#
#...........##...#
#YY.........##.###
#@†.......))...#..
#YY.........#).#.#
#...........##...#
#####.############
##..####
#......###
#........#######
#......#........
#......#########


You could see 4 yaks.

Vanquished Creatures
  A two-headed ogre (D:9)
  Pikel (D:4)
  Prince Ribbit (D:8)
  A shadow (D:9)
  4 yaks (D:9)
  A wyvern (D:9)
  3 steam dragons
  3 water moccasins
  2 ice beasts
  4 ogres
  4 orc warriors
  2 black bears (D:8)
  2 centaurs
  A phantom (D:5)
  7 kobold brigands
  3 bullfrogs
  4 scorpions
  6 killer bees (D:8)
  A howler monkey (D:5)
  3 electric eels
  A gnoll bouda (D:7)
  8 orc priests
  3 hounds
  2 jellies (D:8)
  4 iguanas
  9 orc wizards
  2 mummies (Ossuary)
  8 gnolls
  4 adders
  An ufetubus (D:5)
  6 dart slugs
  35 orcs
  4 ball pythons
  5 bats
  7 endoplasms
  2 giant cockroaches
  3 gnoll zombies (Ossuary)
  8 goblins
  9 hobgoblins
  3 quokkas
  5 frilled lizards
  5 goblin zombies (Ossuary)
  A hobgoblin zombie (Ossuary)
  25 kobolds
  5 orc zombies (Ossuary)
  A bush (D:5)
220 creatures vanquished.

Vanquished Creatures (others)
  An orc (D:7)
  A bush (D:5)
  16 fungi (D:8)
  23 plants
41 creatures vanquished.

Grand Total: 261 creatures vanquished

Notes
Turn   | Place    | Note
-------+----------+-------------------------------------------
     0 | D:1      | Borgoz the Gargoyle Berserker began the quest for the Orb.
     0 | D:1      | Reached XP level 1. HP: 14/14 MP: 1/1
   427 | D:1      | Reached XP level 2. HP: 18/19 MP: 2/2
   691 | D:2      | Reached XP level 3. HP: 23/23 MP: 3/3
   994 | D:2      | Identified the +0 pair of boots "Ybly" {rElec Stlth+}
  1052 | D:2      | Reached ** piety under Trog
  1499 | D:3      | Reached XP level 4. HP: 24/29 MP: 4/4
  1835 | D:3      | Reached XP level 5. HP: 32/33 MP: 5/5
  2208 | D:4      | Noticed a lemure
  2208 | D:4      | Noticed a lemure
  2209 | D:4      | Noticed Pikel
  2210 | D:4      | Noticed a lemure
  2215 | D:4      | Noticed a lemure
  2218 | D:4      | Killed Pikel
  2219 | D:4      | Reached skill level 5 in Fighting
  2219 | D:4      | Reached XP level 6. HP: 40/40 MP: 6/6
  2219 | D:4      | Reached XP level 7. HP: 44/44 MP: 7/7
  2354 | D:4      | Reached skill level 5 in Maces & Flails
  2366 | D:4      | Reached skill level 5 in Armour
  2386 | D:4      | Found a sand-covered staircase.
  2391 | Ossuary  | Entered an ossuary
  2447 | Ossuary  | Reached XP level 8. HP: 51/51 MP: 8/8
  2473 | Ossuary  | Reached *** piety under Trog
  2725 | D:5      | Entered Level 5 of the Dungeon
  4125 | D:6      | Reached **** piety under Trog
  4238 | D:6      | Reached XP level 9. HP: 57/57 MP: 9/9
  4681 | D:6      | Reached skill level 5 in Dodging
  4954 | D:7      | Found a sacrificial altar of Ru.
  5202 | D:7      | Found a staircase to the Ecumenical Temple.
  5211 | Temple   | Entered the Ecumenical Temple
  5339 | D:7      | Found Piwub's Magic Scroll Shoppe.
  5957 | D:8      | Noticed Prince Ribbit
  5987 | D:8      | Killed Prince Ribbit
  6051 | D:8      | Reached XP level 10. HP: 31/64 MP: 10/10
  6620 | D:8      | Found an ancient bone altar of Kikubaaqudgha.
  6620 | D:8      | Found a snail-covered altar of Cheibriados.
  6648 | D:8      | Found a staircase to the Lair.
  7435 | D:9      | Reached ***** piety under Trog
  7777 | D:9      | Noticed a two-headed ogre
  7784 | D:9      | Killed a two-headed ogre
  8066 | D:10     | Entered Level 10 of the Dungeon
  8195 | D:9      | HP: 3/99 [yak (3)]
  8197 | D:9      | Slain by a yak

Illustrated notes

Levels and vault maps discovered:
D:1:      heliophobic_arrival_battle_scene, layout_loops_ring
D:2:      layout_rooms, serial_rivers, chequers_serial_rivers_room_a,
          chequers_serial_rivers_micro_a, chequers_serial_rivers_micro_b,
          chequers_serial_rivers_small_a, grunt_ministairs_5, minmay_misc_feat_x
D:3:      layout_loops_ring
D:4:      layout_rooms, enter_ossuary_2, kennysheep_big_empty_room, uniq_pikel
D:5:      layout_loops_corners, minmay_hedge_maze
D:6:      layout_basic, minmay_liquid_box, kennysheep_nub
D:7:      layout_basic, mainiacjoe_overflow_24_doors,
          minmay_temple_entry_proselytizer, serial_shops, shop,
          minmay_misc_feat_five, amcnicky_mini_corridor_feature,
          serial_bayou_ford_a
D:8:      layout_basic, nicolae_overflow_two_pavilions,
          grunt_lair_entry_orc_guard_hut, uniq_prince_ribbit1
D:9:      layout_roguey, minmay_unpleasant_kobolds
D:10:     layout_roguey, tso_oasis_becter
Temple:   compressed_dpeg_circular_temple

Skill      XL: |  1  2  3  4  5  6  7  8  9 10 |
---------------+-------------------------------+-----
Dodging        | 2 3 4 5 7 |  7.0
Armour         | 3 4 5 6 7 9 |  9.2
Fighting       | 4 5 7 8 9 |  9.6
Maces & Flails | 4 5 6 7 8 |  8.7

Action                     |  1- 3 |  4- 6 |  7- 9 | 10-12 || total
---------------------------+-------+-------+-------+-------++-------
  Melee: Mace              |    94 |    24 |       |       ||   118
         Punch             |     1 |       |    13 |     3 ||    17
         Flail             |       |    56 |   405 |   210 ||   671
 Invoke: Berserk           |       |     2 |     4 |     1 ||     7
         Trog's Hand       |       |     1 |     2 |       ||     3
    Use: Scroll            |       |     9 |     6 |     6 ||    21
         Potion            |       |       |     1 |       ||     1
   Stab: Sleeping          |       |     3 |     6 |     4 ||    13
 Armour: Animal skin       |     7 |       |       |       ||     7
         Ring mail         |    34 |    42 |     1 |       ||    77
         Steam dragon scal |       |       |   210 |   105 ||   315
  Dodge: Dodged            |    51 |    54 |   301 |   193 ||   599
